[Event "Titled Tuesday Blitz May 16 Late 2023"]
[White "QuiesPrecatio"]
[Black "Spitzl, Vinzent"]
[BlackFideId "12901253"]
[WhiteElo "2432"]
[BlackElo "2225"]
[Result "0-1"]
[Round "11"]
[TimeControl "180+2"]
[Date "2023.05.16"]
[WhiteClock "0:00:00"]
[BlackClock "0:00:06"]

1. c4 e6 2. Nc3 d5 3. cxd5 exd5 4. d4 Nf6 5. Bg5 Bb4 6. e3 h6 7. Bh4 O-O 8. Bd3 Nbd7 9. Ne2 Re8 10. Qc2 c6 11. O-O Nf8 12. Rab1 Be7 13. b4 a6 14. f3 Bd6 15. Bf2 Qe7 16. a3 a5 17. Qb3 axb4 18. axb4 b5 19. Rfe1 Qc7 20. Ng3 h5 21. e4 h4 22. Nf1 dxe4 23. Nxe4 Nxe4 24. fxe4 h3 25. e5 hxg2 26. Ng3 Be7 27. Kxg2 Be6 28. Qc2 Ra2 29. Rb2 Rea8 30. Be4 Rxb2 31. Qxb2 Ra2 32. Qc3 Bc4 33. Bd3 Bd5+ 34. Be4 Bc4 35. Bd3 Bxd3 36. Qxd3 Ne6 37. Qe4 Qd7 38. Kg1 Ng5 39. e6 Qxe6 40. Qxe6 fxe6 41. Re2 Rxe2 42. Nxe2 Bxb4 43. Kg2 Kf7 44. Be3 Ne4 45. Kf3 Nf6 46. Nf4 Bd6 47. Nd3 Nd5 48. Bg1 Nb4 49. Nf2 Na6 50. Ne4 Be7 51. Be3 Nb4 52. Bc1 Nd5 53. Bb2 Nf6 54. Nf2 Bd6 55. h3 Ke7 56. Nd3 Kd7 57. Bc3 Kc7 58. Bd2 Nd5 59. Ke4 Kb6 60. Be1 b4 61. Nc1 Kb5 62. Kd3 Ka4 63. Kc4 Ne3+ 64. Kd3 Nd5 65. Kc4 Nb6+ 66. Kd3 b3 67. Bc3 Nd5 68. Bb2 Ba3 69. Bxa3 Kxa3 70. Nxb3 Kxb3 0-1


[Site "https://www.chess.com"]

[Event "Titled Tuesday Blitz May 16 Late 2023"]
[White "Martinez, Ayelen"]
[Black "Melikyan, Gnel"]
[WhiteFideId "118702"]
[BlackFideId "54109990"]
[WhiteElo "2125"]
[BlackElo "2138"]
[Result "0-1"]
[Round "11"]
[TimeControl "180+2"]
[Date "2023.05.16"]
[WhiteClock "0:00:01"]
[BlackClock "0:01:07"]

1. e4 g5 2. d4 h6 3. Bc4 Bg7 4. Nc3 e6 5. h4 Nc6 6. hxg5 hxg5 7. Rxh8 Bxh8 8. Qh5 Bxd4 9. Bxg5 Bf6 10. Nf3 d6 11. Qh7 Kf8 12. Bh6+ Nxh6 13. Qxh6+ Bg7 14. Qh5 Qf6 15. O-O-O Qh6+ 16. Qxh6 Bxh6+ 17. Kb1 Bd7 18. e5 d5 19. Nb5 Rc8 20. Bb3 Bg7 21. Re1 Ke7 22. c4 Na5 23. Nxa7 Ra8 24. Nb5 dxc4 25. Nxc7 Rc8 26. Nxe6 Bxe6 27. Bc2 Nc6 28. a3 b5 29. Be4 Nxe5 30. Nd4 Nd3 31. Nf5+ Bxf5 32. Bxd3+ Be6 33. Bf5 Rh8 34. g4 Rh2 35. f4 Rxb2+ 36. Kc1 Ra2 37. Bb1 Rxa3 38. f5 Rc3+ 39. Kd2 Rg3 40. Kd1 Rxg4 41. fxe6 fxe6 42. Bf5 Rd4+ 43. Kc2 Rd6 44. Bg4 b4 45. Re4 b3+ 46. Kc1 c3 47. Rb4 Bh6+ 48. Kb1 c2+ 49. Kb2 c1=Q+ 0-1


[Site "https://www.chess.com"]

[Event "Titled Tuesday Blitz May 16 Late 2023"]
[White "Baskakov, Egor"]
[Black "Perske, Thore"]
[WhiteFideId "24197866"]
[BlackFideId "12902195"]
[WhiteElo "2225"]
[BlackElo "2336"]
[Result "1-0"]
[Round "11"]
[TimeControl "180+2"]
[Date "2023.05.16"]
[WhiteClock "0:01:48"]
[BlackClock "0:00:00"]

1. e4 c5 2. Nf3 d6 3. d4 cxd4 4. Nxd4 Nf6 5. Nc3 a6 6. a4 g6 7. g3 Bg7 8. Bg2 O-O 9. h3 Bd7 10. O-O Nc6 11. Nde2 Rb8 12. Be3 b5 13. axb5 axb5 14. Nd5 Nxd5 15. exd5 Ne5 16. b3 Qc8 17. Kh2 f5 18. Ra7 Rb7 19. Rxb7 Qxb7 20. Nd4 Rc8 21. Qd2 Qc7 22. f4 Nf7 23. Nc6 Bxc6 24. dxc6 e6 25. c4 bxc4 26. bxc4 Nd8 27. Rb1 Nxc6 28. Rb6 Qd7 29. Qd1 Bf8 30. Ra6 Be7 31. Qa4 Nb8 32. Qxd7 Nxd7 33. Ra7 Rd8 34. Bc6 Nb8 35. Bb5 Kf8 36. Bb6 Rc8 37. Bc7 h5 38. Kg2 Kf7 39. Kf3 Kf8 40. Ke2 h4 41. gxh4 Bxh4 42. Bxd6+ Kg8 43. c5 Bd8 44. Ra8 1-0


[Site "https://www.chess.com"]

[Event "Titled Tuesday Blitz May 16 Late 2023"]
[White "Pakleza, Zbigniew"]
[Black "Erzhanov, Arman"]
[WhiteFideId "1119290"]
[BlackFideId "4138821"]
[WhiteElo "2410"]
[BlackElo "2138"]
[Result "1-0"]
[Round "11"]
[TimeControl "180+2"]
[Date "2023.05.16"]
[WhiteClock "0:00:04"]
[BlackClock "0:00:00"]

1. b4 e5 2. a3 a5 3. b5 Bc5 4. e3 Nf6 5. Bb2 d6 6. Nf3 O-O 7. Be2 e4 8. Nd4 Re8 9. c4 Nbd7 10. Nc3 Ne5 11. h3 Bxd4 12. exd4 Nd3+ 13. Bxd3 exd3+ 14. Kf1 Bf5 15. d5 Nd7 16. g4 Bg6 17. f4 Be4 18. Nxe4 Rxe4 19. Qf3 Nc5 20. Re1 Rxc4 21. Kg2 Qd7 22. Re3 Qxb5 23. Rhe1 Kf8 24. Bc3 Qa4 25. Kg3 b5 26. g5 b4 27. Ba1 g6 28. f5 Kg8 29. fxg6 hxg6 30. Qf6 Rc3 31. dxc3 Nb3 32. Re7 Rf8 33. cxb4 Nxa1 34. Rxa1 Qb3 35. Qf3 1-0


[Site "https://www.chess.com"]

[Event "Titled Tuesday Blitz May 16 Late 2023"]
[White "Wagner, Dennis"]
[Black "cristianserban1"]
[WhiteFideId "24650684"]
[WhiteElo "2478"]
[BlackElo "2520"]
[Result "1-0"]
[Round "11"]
[TimeControl "180+2"]
[Date "2023.05.16"]
[WhiteClock "0:00:19"]
[BlackClock "0:00:01"]

1. e4 c6 2. d4 d5 3. exd5 cxd5 4. Bd3 Nc6 5. c3 Nf6 6. Bf4 Bg4 7. Nf3 e6 8. Nbd2 Bd6 9. Bxd6 Qxd6 10. O-O O-O 11. Re1 Ne7 12. h3 Bf5 13. Bf1 b5 14. a3 Rab8 15. Ne5 Nc6 16. Nb3 Ne4 17. Bd3 Nxe5 18. dxe5 Qb6 19. Nd4 Bg6 20. Bxe4 Bxe4 21. Qg4 Rfc8 22. Re3 a5 23. h4 Qc7 24. f3 Bf5 25. Nxf5 exf5 26. Qxf5 Qc5 27. Re1 b4 28. axb4 axb4 29. e6 fxe6 30. Qxe6+ Kh8 31. cxb4 Qd4 32. Qe5 Qxh4 33. Qe8+ 1-0


[Site "https://www.chess.com"]

[Event "Titled Tuesday Blitz May 16 Late 2023"]
[White "Przybylski, Wojciech"]
[Black "De La Colina, Nicolas"]
[WhiteFideId "1117599"]
[BlackFideId "30946921"]
[WhiteElo "2222"]
[BlackElo "2046"]
[Result "0-1"]
[Round "11"]
[TimeControl "180+2"]
[Date "2023.05.16"]
[WhiteClock "0:00:00"]
[BlackClock "0:00:16"]

1. e4 c5 2. Nf3 Nc6 3. d4 cxd4 4. Nxd4 Nf6 5. Nc3 d6 6. h3 e5 7. Nf3 Be6 8. Ng5 Be7 9. Nxe6 fxe6 10. Bc4 Qd7 11. O-O O-O-O 12. Bg5 Kb8 13. a4 Nd4 14. a5 Qc6 15. Bd3 d5 16. Bxf6 gxf6 17. a6 b6 18. Re1 Bb4 19. Qh5 Bxc3 20. bxc3 Qxc3 21. Reb1 Qc7 22. c3 Nc6 23. Rb3 Rhg8 24. Qf3 f5 25. Bb5 dxe4 26. Qe2 Ne7 27. c4 Ng6 28. Qe3 Nf4 29. g3 Nxh3+ 30. Kh2 Ng5 31. c5 Nf3+ 32. Kg2 Nd4 33. Rb4 Qxc5 34. Rab1 Qe7 35. Rc4 Rd6 36. Qh6 f4 37. Ba4 fxg3 38. fxg3 Nf3 0-1


[Site "https://www.chess.com"]

[Event "Titled Tuesday Blitz May 16 Late 2023"]
[White "Martic, Ivan"]
[Black "Schnaider, Ilan"]
[WhiteFideId "929301"]
[BlackFideId "169013"]
[WhiteElo "2360"]
[BlackElo "2224"]
[Result "0-1"]
[Round "11"]
[TimeControl "180+2"]
[Date "2023.05.16"]
[WhiteClock "0:01:00"]
[BlackClock "0:01:40"]

1. e4 c5 2. Nf3 d6 3. c3 Nf6 4. h3 g6 5. Bd3 Bg7 6. O-O O-O 7. Bc2 Nc6 8. Re1 e5 9. d3 h6 10. Nbd2 Be6 11. a4 Nd7 12. Nc4 d5 13. exd5 Bxd5 14. Ne3 Be6 15. Ng4 h5 16. Nh6+ Kh8 17. Ng5 Bd5 18. Ne4 f5 19. Nd6 Qf6 20. Nxb7 f4 21. Ng4 hxg4 22. Qxg4 Be6 23. Qf3 Bf5 24. a5 a6 25. Ba4 Rfc8 26. d4 cxd4 27. Bd2 Rab8 28. Bxc6 Qxc6 0-1


[Site "https://www.chess.com"]

[Event "Titled Tuesday Blitz May 16 Late 2023"]
[White "Lucas, Arthur"]
[Black "Arabidze, Meri"]
[WhiteFideId "26093073"]
[BlackFideId "13604040"]
[WhiteElo "2251"]
[BlackElo "2405"]
[Result "0-1"]
[Round "11"]
[TimeControl "180+2"]
[Date "2023.05.16"]
[WhiteClock "0:00:01"]
[BlackClock "0:00:16"]

1. e4 c5 2. Nc3 Nc6 3. Bb5 e6 4. Bxc6 dxc6 5. f4 Nf6 6. Nf3 Be7 7. d3 O-O 8. O-O b5 9. Qe1 a5 10. a4 Ba6 11. Ne5 Qc7 12. b3 Nd7 13. axb5 cxb5 14. Nxd7 Qxd7 15. Rxa5 c4 16. bxc4 Bb4 17. Rxa6 Rxa6 18. cxb5 Ra1 19. f5 Qd4+ 20. Be3 Bxc3 21. Bxd4 Bxd4+ 22. Kh1 Rxe1 23. Rxe1 Rc8 24. c4 e5 25. g3 Kf8 26. Rb1 Ke7 27. Rb3 Ra8 28. Kg2 Kd6 29. Kf3 Kc7 30. h4 h5 31. g4 hxg4+ 32. Kxg4 Kb6 33. Rb1 Ra3 34. Rd1 Ra2 35. Kh5 Rg2 36. Rf1 Be3 37. Rf3 g6+ 38. fxg6 fxg6# 0-1


[Site "https://www.chess.com"]

[Event "Titled Tuesday Blitz May 16 Late 2023"]
[White "Camilla_Lee"]
[Black "Bogaudinov, Rushan"]
[BlackFideId "4129288"]
[WhiteElo "2611"]
[BlackElo "1941"]
[Result "1/2-1/2"]
[Round "11"]
[TimeControl "180+2"]
[Date "2023.05.16"]
[WhiteClock "0:00:05"]
[BlackClock "0:00:16"]

1. e4 a6 2. d4 e6 3. c4 d6 4. Nc3 Nf6 5. f4 Be7 6. Nf3 O-O 7. Bd3 c5 8. dxc5 dxc5 9. e5 Ng4 10. Qe2 Nc6 11. h3 Nh6 12. Be3 Nd4 13. Bxd4 cxd4 14. Ne4 b5 15. c5 Bb7 16. Nd6 Bd5 17. O-O Bxd6 18. exd6 Nf5 19. Bxf5 exf5 20. Nxd4 Bc4 21. Qf3 Bxf1 22. Rxf1 Qf6 23. Qd5 Rae8 24. c6 g6 25. d7 Re4 26. Nxf5 gxf5 27. Rd1 Rc4 28. d8=Q Rxd8 29. Qxd8+ Qxd8 30. Rxd8+ Kg7 31. Rd6 Rc2 32. c7 Rxc7 33. Rxa6 Rc2 34. b3 h5 35. h4 f6 36. Kh2 Rf2 37. Kg3 Rd2 38. Kf3 Rd3+ 39. Ke2 Rg3 40. Kf2 Rc3 41. g3 Kf7 42. Rb6 Kg6 43. Rxb5 Rc2+ 44. Ke3 Rxa2 45. Rb7 Rg2 46. Kf3 Rb2 47. b4 Rb3+ 48. Kf2 Rb2+ 49. Ke3 Rb3+ 50. Kd4 Rxg3 51. b5 Rf3 52. b6 Rxf4+ 53. Kc5 Rxh4 54. Rc7 Rh1 55. b7 Rb1 56. Kc6 h4 57. Rc8 f4 58. b8=Q Rxb8 59. Rxb8 f3 60. Rb3 Kg5 61. Rxf3 Kg4 62. Rxf6 h3 63. Kd5 h2 64. Rh6 Kg3 65. Ke4 Kg2 66. Kf4 h1=Q 67. Rxh1 Kxh1 1/2-1/2


[Site "https://www.chess.com"]

[Event "Titled Tuesday Blitz May 16 Late 2023"]
[White "Mickiewicz, Piotr"]
[Black "Adla, Diego"]
[WhiteFideId "1114891"]
[BlackFideId "100072"]
[WhiteElo "2246"]
[BlackElo "2377"]
[Result "0-1"]
[Round "11"]
[TimeControl "180+2"]
[Date "2023.05.16"]
[WhiteClock "0:00:04"]
[BlackClock "0:01:31"]

1. c4 e6 2. g3 d5 3. Bg2 dxc4 4. Qa4+ Nd7 5. Nf3 a6 6. Qxc4 b5 7. Qc2 Bb7 8. b3 c5 9. Bb2 Ngf6 10. d3 Be7 11. Nbd2 O-O 12. O-O Qb6 13. a4 Rac8 14. a5 Qa7 15. Rac1 Rfd8 16. Qb1 Nd5 17. Qa1 Bf6 18. Ne4 Bxb2 19. Qxb2 N7f6 20. Qe5 Nxe4 21. dxe4 Nf6 22. Ng5 h6 23. Nh3 c4 24. b4 Qb8 25. Qxb8 Rxb8 26. f3 Rd2 27. Rfe1 Rbd8 28. Nf2 Rb2 29. Rb1 Rdd2 30. Bf1 Nd7 31. Rec1 Nb8 32. Nd1 Rxb1 33. Rxb1 Kf8 34. Kf2 Ke7 35. Ke3 Rc2 36. Rb2 Rxb2 37. Nxb2 Nc6 38. Nd1 e5 39. Nc3 Nxb4 40. Bh3 f6 41. Bf5 Kd6 42. h4 Kc5 43. h5 Nc6 44. Kd2 Nxa5 45. g4 Nb3+ 46. Kc2 Nd4+ 47. Kd2 a5 48. Nd1 b4 49. Ne3 c3+ 50. Kd1 b3 51. Nd5 c2+ 0-1


[Site "https://www.chess.com"]

[Event "Titled Tuesday Blitz May 16 Late 2023"]
[White "Avalos Parra, Joao"]
[Black "Kim, Sergey"]
[WhiteFideId "3402541"]
[BlackFideId "13700570"]
[WhiteElo "2173"]
[BlackElo "2586"]
[Result "0-1"]
[Round "11"]
[TimeControl "180+2"]
[Date "2023.05.16"]
[WhiteClock "0:00:00"]
[BlackClock "0:00:17"]

1. d4 Nf6 2. c4 g6 3. Nc3 Bg7 4. e4 d6 5. Be2 O-O 6. Be3 e5 7. d5 a5 8. g4 Na6 9. h4 Nc5 10. f3 Bd7 11. h5 a4 12. Qd2 c6 13. Bh6 Qe7 14. Nh3 cxd5 15. cxd5 Ne8 16. Bxg7 Kxg7 17. Nf2 g5 18. Ncd1 h6 19. Ne3 Nc7 20. O-O Qf6 21. Nh1 Qf4 22. Kg2 Nb5 23. Bxb5 Bxb5 24. Rfc1 Kh7 25. Ng3 Rac8 26. Ngf5 Nd3 27. Rxc8 Rxc8 28. Nxd6 Rc2 29. Qxc2 Qxe3 30. Nxb5 Nf4+ 31. Kf1 Qxf3+ 32. Qf2 Qh1+ 33. Qg1 Qf3+ 34. Qf2 Qd3+ 35. Ke1 Qxb5 36. Rd1 Qb4+ 37. Kf1 Qxe4 38. Kg1 Nh3+ 39. Kf1 Nxf2 0-1


[Site "https://www.chess.com"]

[Event "Titled Tuesday Blitz May 16 Late 2023"]
[White "Spata, German"]
[Black "Ansh M Shah"]
[WhiteFideId "113026"]
[BlackFideId "25033379"]
[WhiteElo "2260"]
[BlackElo "2084"]
[Result "0-1"]
[Round "11"]
[TimeControl "180+2"]
[Date "2023.05.16"]
[WhiteClock "0:00:00"]
[BlackClock "0:01:24"]

1. e4 c6 2. d3 d5 3. Nd2 e5 4. Ngf3 Bd6 5. Be2 Nf6 6. O-O O-O 7. c3 Re8 8. b3 a5 9. Bb2 a4 10. bxa4 Nbd7 11. c4 d4 12. Nb3 Nc5 13. Nxc5 Bxc5 14. Qc2 Qa5 15. Bd1 Bg4 16. Bc1 Bxf3 17. Bxf3 Qxa4 18. Bd1 Qxc2 19. Bxc2 Ba3 20. Bg5 Nd7 21. Rab1 b6 22. Bd1 Bc5 23. Bb3 Nf8 24. g3 Ne6 25. Bd2 g5 26. Rb2 Ra6 27. Bd1 Bd6 28. Bg4 Nc5 29. Bxg5 Nxd3 30. Rbb1 Nc5 31. Bf5 Rb8 32. Rb2 Na4 33. Rb3 Nc3 34. Bd2 Ra3 35. f4 Rxb3 36. axb3 Ra8 37. fxe5 Bxe5 38. Bf4 Bxf4 39. gxf4 d3 40. e5 d2 41. Bg4 Ra3 42. Bd1 Ra1 43. Bc2 Rc1 0-1


[Site "https://www.chess.com"]

[Event "Titled Tuesday Blitz May 16 Late 2023"]
[White "Harshavardhan G B"]
[Black "Rottenwohrer Suarez, Juan"]
[WhiteFideId "25059009"]
[BlackFideId "32068182"]
[WhiteElo "2323"]
[BlackElo "2174"]
[Result "1-0"]
[Round "11"]
[TimeControl "180+2"]
[Date "2023.05.16"]
[WhiteClock "0:01:03"]
[BlackClock "0:00:00"]

1. e4 c5 2. Nc3 g6 3. d4 cxd4 4. Qxd4 Nf6 5. e5 Nc6 6. Qf4 Nh5 7. Qe3 d5 8. exd6 Qxd6 9. Nf3 Bg7 10. Bd2 O-O 11. O-O-O Nb4 12. Bc4 Qc7 13. Bb3 Bf5 14. Nb5 Qa5 15. Qc5 a6 16. Bxb4 Qxb5 17. Qxb5 axb5 18. Rhe1 Nf4 19. g3 Bg4 20. gxf4 Bxf3 21. Rd3 Bc6 22. Rxe7 Bh6 23. Bd6 Rad8 24. Be5 Rxd3 25. cxd3 Bf3 26. Kd2 Bc6 27. a3 Bg7 28. d4 Bh6 29. d5 Bxd5 30. Bxd5 Rd8 31. Ke3 Rxd5 32. Rxb7 Bf8 33. Bc3 h5 34. Rb8 Rd7 35. Bb4 1-0


[Site "https://www.chess.com"]

[Event "Titled Tuesday Blitz May 16 Late 2023"]
[White "Mirzoev, Azer"]
[Black "Womacka, Mathias"]
[WhiteFideId "13400304"]
[BlackFideId "4611390"]
[WhiteElo "2525"]
[BlackElo "2377"]
[Result "1-0"]
[Round "11"]
[TimeControl "180+2"]
[Date "2023.05.16"]
[WhiteClock "0:01:43"]
[BlackClock "0:00:07"]

1. e4 c5 2. Nc3 Nc6 3. g3 g6 4. Bg2 Bg7 5. d3 d6 6. h4 Nf6 7. Nge2 O-O 8. Be3 Ng4 9. Bd2 Nd4 10. O-O Nxe2+ 11. Qxe2 h5 12. Rab1 Rb8 13. a3 b5 14. b4 cxb4 15. axb4 Be6 16. Nd5 Rc8 17. c4 Bd7 18. Bg5 f6 19. Bd2 e6 20. Ne3 Nxe3 21. Bxe3 Qc7 22. c5 dxc5 23. Bxc5 Rfd8 24. d4 Bc6 25. Ra1 Ra8 26. Ra6 Qb7 27. Rfa1 f5 28. Rxa7 Rxa7 29. Rxa7 Qb8 30. exf5 Bxg2 31. Qxe6+ 1-0


[Site "https://www.chess.com"]

[Event "Titled Tuesday Blitz May 16 Late 2023"]
[White "liwadas82"]
[Black "Eugene, Floryan"]
[BlackFideId "20694784"]
[WhiteElo "2452"]
[BlackElo "2369"]
[Result "1-0"]
[Round "11"]
[TimeControl "180+2"]
[Date "2023.05.16"]
[WhiteClock "0:00:49"]
[BlackClock "0:01:28"]

1. e4 d5 2. exd5 Nf6 3. d4 Nxd5 4. c4 Nb6 5. c5 Nd5 6. Bc4 e6 7. Nc3 Be7 8. Qb3 O-O 9. Nf3 Nc6 10. Bxd5 exd5 11. Qxd5 Bf6 12. O-O Bg4 13. Be3 Bxf3 14. Qxf3 Nxd4 15. Qxb7 Rb8 16. Qxa7 Qc8 17. Nd5 Be5 18. Ne7+ Kh8 19. Nxc8 Rbxc8 20. Bxd4 Bxd4 21. Rad1 Bxb2 22. Rd7 Be5 23. f4 Bf6 24. Rxc7 Ra8 25. Rxf7 Rfd8 26. Qb7 Rxa2 27. Rd7 Re8 28. c6 Rf2 29. Kxf2 1-0


[Site "https://www.chess.com"]

[Event "Titled Tuesday Blitz May 16 Late 2023"]
[White "Karttunen, Mika"]
[Black "Toniutti, Ezio"]
[WhiteFideId "502081"]
[BlackFideId "113034"]
[WhiteElo "2396"]
[BlackElo "2215"]
[Result "1-0"]
[Round "11"]
[TimeControl "180+2"]
[Date "2023.05.16"]
[WhiteClock "0:00:05"]
[BlackClock "0:00:00"]

1. e4 e5 2. Nf3 Nc6 3. Bb5 a6 4. Ba4 d6 5. c3 f5 6. d4 fxe4 7. Ng5 exd4 8. O-O d5 9. cxd4 Nf6 10. f3 h6 11. fxe4 hxg5 12. e5 Ne4 13. Nc3 Be6 14. Bc2 Qd7 15. Bxe4 dxe4 16. d5 Bc5+ 17. Kh1 O-O-O 18. Bxg5 Bxd5 19. Bxd8 Rxd8 20. Qh5 e3 21. Rad1 Nd4 22. Rfe1 e2 23. Rd2 g6 24. Qg5 Qc6 25. Nxd5 Qxd5 26. h3 Rf8 27. Rdxe2 Nxe2 28. Rxe2 b6 29. Qc1 Qe6 30. Qb1 Rf5 31. Qe4 Kb8 32. g4 Rf7 33. b3 Re7 34. Kg2 Qd7 35. e6 Qd6 36. Qf3 Ka7 37. Qe4 Qd8 38. Qxg6 Qd6 39. Qe4 Bd4 40. Qf5 c5 41. Qe4 Qd8 42. h4 Qg8 43. h5 Qg5 44. Qf5 Qh4 45. Qf4 a5 46. Qg3 Qg5 47. Qf3 Bf6 48. Qf5 Qh4 49. Rf2 Rg7 50. Qxf6 Rxg4+ 51. Kf1 Qh1+ 52. Ke2 Re4+ 53. Kd3 Rd4+ 54. Qxd4 cxd4 55. e7 Qd1+ 56. Kc4 Qc1+ 57. Kd5 1-0


[Site "https://www.chess.com"]

[Event "Titled Tuesday Blitz May 16 Late 2023"]
[White "OPQRC"]
[Black "Fan_Of_Chucky"]
[WhiteElo "2555"]
[BlackElo "2441"]
[Result "0-1"]
[Round "11"]
[TimeControl "180+2"]
[Date "2023.05.16"]
[WhiteClock "0:00:00"]
[BlackClock "0:00:28"]

1. e4 c5 2. Nf3 Nc6 3. d4 cxd4 4. Nxd4 Nf6 5. Nc3 d6 6. Bg5 e6 7. Qd2 a6 8. Nxc6 bxc6 9. O-O-O d5 10. Qe3 Be7 11. h4 Ng4 12. Qd2 Nf6 13. f3 h6 14. Bf4 Qa5 15. e5 Nh5 16. Bh2 Bxh4 17. Kb1 Ng3 18. Bxg3 Bxg3 19. f4 Qb4 20. Bd3 Rb8 21. b3 Qxf4 22. Qe2 Qxe5 23. Qf3 Qc7 24. Qg4 Be5 25. Ne2 Qa5 26. Rhf1 Qa3 27. Nd4 c5 28. Bg6 O-O 29. Bxf7+ Rxf7 30. Rxf7 Kxf7 31. Rf1+ Kg8 32. Qg6 Bxd4 0-1


[Site "https://www.chess.com"]

[Event "Titled Tuesday Blitz May 16 Late 2023"]
[White "Potapova, Margarita"]
[Black "merinasian"]
[WhiteFideId "14126869"]
[WhiteElo "2244"]
[BlackElo "2438"]
[Result "1-0"]
[Round "11"]
[TimeControl "180+2"]
[Date "2023.05.16"]
[WhiteClock "0:01:44"]
[BlackClock "0:00:00"]

1. e4 c6 2. d4 d5 3. exd5 cxd5 4. c3 Nf6 5. Bd3 Nc6 6. Bf4 Bg4 7. Qb3 Qd7 8. Nd2 e6 9. Ngf3 Bxf3 10. Nxf3 Be7 11. O-O O-O 12. Rfe1 a6 13. h3 b5 14. Ne5 Nxe5 15. Bxe5 Bd6 16. Re3 Bxe5 17. dxe5 Ne8 18. Qb4 g6 19. h4 Ng7 20. Qf4 Qc7 21. Qg5 Qd8 22. Qf4 f6 23. exf6 Rxf6 24. Qe5 Ra7 25. Rae1 Raf7 26. f3 Qb6 27. Kh1 Rf4 28. Qg5 R7f6 29. Bc2 Nh5 30. Kh2 h6 31. Qxh6 Rxh4+ 32. Kg1 Qd6 33. Re5 Qc5+ 34. Qe3 Qe7 35. Rxe6 Rxe6 36. Qxe6+ Qxe6 37. Rxe6 Kf7 38. Rxa6 Nf4 39. g3 Ne2+ 40. Kg2 Rh8 41. Bb3 1-0


[Site "https://www.chess.com"]

[Event "Titled Tuesday Blitz May 16 Late 2023"]
[White "Karas, Marek"]
[Black "reevecanada"]
[WhiteFideId "14928558"]
[WhiteElo "2233"]
[BlackElo "2409"]
[Result "0-1"]
[Round "11"]
[TimeControl "180+2"]
[Date "2023.05.16"]
[WhiteClock "0:00:00"]
[BlackClock "0:00:50"]

1. h4 d5 2. d4 Nf6 3. Bf4 e6 4. e3 Bd6 5. Nd2 c5 6. c3 Bxf4 7. exf4 cxd4 8. cxd4 Nc6 9. Ngf3 Qb6 10. Nb3 a5 11. Rb1 Ne4 12. Bd3 a4 13. Nbd2 Qb4 14. O-O Nxd2 15. Qxd2 Qxd2 16. Nxd2 Nxd4 17. Rbc1 Nc6 18. Bb5 Bd7 19. Nf3 Ke7 20. Rfe1 Rhc8 21. Rcd1 Nb4 22. Bf1 Nc2 23. Re5 f6 24. Re2 Bb5 25. Red2 Bxf1 26. Kxf1 Nb4 27. a3 Nc6 28. Re1 Rd8 29. g3 Rd6 30. h5 Kd7 31. Kg2 Rc8 32. Red1 Ne7 33. Rd4 Rc4 34. R4d2 h6 35. Nd4 Rc5 36. Nf3 Nc6 37. Re1 d4 38. Red1 Rcd5 39. Ne1 e5 40. fxe5 fxe5 41. f3 Na5 42. Nd3 Nc4 43. Kf2 Nxd2 44. Rxd2 Ke6 45. Ke2 Rb5 46. g4 Rb3 47. Rc2 Rc6 48. Rxc6+ bxc6 49. Nc5+ Kd5 50. Nxb3 axb3 51. a4 c5 52. a5 c4 53. f4 exf4 54. a6 Kc6 0-1


[Site "https://www.chess.com"]

[Event "Titled Tuesday Blitz May 16 Late 2023"]
[White "Molenda, Marcin"]
[Black "Bryant, Todd"]
[WhiteFideId "1173065"]
[BlackFideId "2031299"]
[WhiteElo "2286"]
[BlackElo "2386"]
[Result "1-0"]
[Round "11"]
[TimeControl "180+2"]
[Date "2023.05.16"]
[WhiteClock "0:00:48"]
[BlackClock "0:00:05"]

1. c4 Nf6 2. g3 g6 3. Bg2 Bg7 4. Nc3 O-O 5. d4 d6 6. h3 c5 7. e3 Nc6 8. Nge2 cxd4 9. exd4 e5 10. O-O Nxd4 11. Nxd4 exd4 12. Qxd4 Be6 13. Qd3 Qc8 14. b3 Bxh3 15. Bg5 Qg4 16. Bxf6 Bxf6 17. Rad1 Bxg2 18. Kxg2 Bxc3 19. Qxc3 Qe4+ 20. Kg1 Rad8 21. Rfe1 Qc6 22. Re7 Rfe8 23. Rde1 Rxe7 24. Rxe7 Re8 25. Rxe8+ Qxe8 26. Qd4 Qb8 27. b4 a6 28. a4 Qc7 29. b5 axb5 30. cxb5 b6 31. Kh2 Qc2 32. Qxb6 Qxa4 33. Qb7 Qd4 34. Kg1 Qd1+ 35. Kg2 d5 36. Qb8+ Kg7 37. Qe5+ Kg8 38. b6 Qb3 39. Qc7 Qb4 40. b7 Qe4+ 41. Kf1 Qd3+ 42. Kg2 Qe4+ 43. Kh2 Qb4 44. b8=Q+ Qxb8 45. Qxb8+ Kg7 46. Qe5+ Kh6 47. Qxd5 Kg7 48. Qe5+ f6 49. Qe7+ Kh6 50. Qxf6 Kh5 51. Qh4# 1-0


[Site "https://www.chess.com"]

[Event "Titled Tuesday Blitz May 16 Late 2023"]
[White "Goswami, Vedant"]
[Black "Jovic, Stanoje"]
[WhiteFideId "5003725"]
[BlackFideId "905020"]
[WhiteElo "2011"]
[BlackElo "2236"]
[Result "0-1"]
[Round "11"]
[TimeControl "180+2"]
[Date "2023.05.16"]
[WhiteClock "0:00:06"]
[BlackClock "0:00:37"]

1. d4 Nf6 2. Nf3 e6 3. Bf4 d5 4. c3 Bd6 5. e3 O-O 6. Nbd2 b6 7. Bd3 c5 8. O-O Ba6 9. Bxa6 Nxa6 10. Qa4 Nc7 11. Qc6 Bxf4 12. exf4 cxd4 13. Nxd4 Rc8 14. Rfe1 Nce8 15. Qa4 Qc7 16. g3 Nd6 17. N2f3 Nfe4 18. Ne5 Nc5 19. Qc2 Rfe8 20. Re3 b5 21. Rae1 a5 22. f5 Nde4 23. Nef3 Qb8 24. fxe6 fxe6 25. Qe2 b4 26. h4 h6 27. Nd2 bxc3 28. bxc3 Nxd2 29. Qxd2 Ne4 30. Qc2 Qe5 31. Rxe4 dxe4 32. Rxe4 Qd5 33. Qe2 e5 34. Nf3 Rxc3 35. Nxe5 Rc1+ 36. Kh2 Rxe5 37. Rxe5 Qh1# 0-1


[Site "https://www.chess.com"]

[Event "Titled Tuesday Blitz May 16 Late 2023"]
[White "Silvestre, Christian"]
[Black "Ladan, Nicholas"]
[WhiteFideId "30956269"]
[BlackFideId "30918855"]
[WhiteElo "2362"]
[BlackElo "2167"]
[Result "1/2-1/2"]
[Round "11"]
[TimeControl "180+2"]
[Date "2023.05.16"]
[WhiteClock "0:01:06"]
[BlackClock "0:00:26"]

1. Nf3 d5 2. g3 Bg4 3. Bg2 e6 4. Ne5 Bf5 5. g4 Bg6 6. h4 Bd6 7. d4 Bxe5 8. dxe5 h5 9. g5 Nd7 10. f4 Ne7 11. c4 Bxb1 12. Rxb1 c6 13. Be3 Nf5 14. Bf2 g6 15. cxd5 cxd5 16. e4 dxe4 17. Bxe4 Qa5+ 18. Qd2 Qxd2+ 19. Kxd2 O-O-O 20. Ke2 Kb8 21. Rhd1 Nb6 22. Bxf5 gxf5 23. Bxb6 axb6 24. Rxd8+ Rxd8 25. Rd1 Rxd1 26. Kxd1 Kc7 27. Kd2 Kc6 28. Kd3 Kd5 29. a4 b5 30. a5 b4 31. b3 Kc5 32. Ke3 Kd5 33. Kd3 Kc5 34. Ke3 Kd5 35. Kd3 1/2-1/2


[Site "https://www.chess.com"]

[Event "Titled Tuesday Blitz May 16 Late 2023"]
[White "Wieczorek, Zbigniew"]
[Black "Tomaszewski, Kacper"]
[WhiteFideId "1102001"]
[BlackFideId "1127373"]
[WhiteElo "2322"]
[BlackElo "2211"]
[Result "1-0"]
[Round "11"]
[TimeControl "180+2"]
[Date "2023.05.16"]
[WhiteClock "0:00:08"]
[BlackClock "0:00:02"]

1. Nf3 g6 2. d4 Bg7 3. c4 d6 4. Nc3 c5 5. dxc5 dxc5 6. Qxd8+ Kxd8 7. Bd2 Bd7 8. O-O-O Kc8 9. Ng5 Nh6 10. Nd5 e6 11. Bc3 Bxc3 12. Nxc3 Bc6 13. e4 Nd7 14. f3 a6 15. h4 Kc7 16. h5 Rae8 17. Rd2 f6 18. hxg6 hxg6 19. Nh3 g5 20. Nf2 Ne5 21. Be2 Nhf7 22. Rxh8 Rxh8 23. Kc2 Rh2 24. Bf1 Nh8 25. Ncd1 Nhg6 26. Ne3 Rh8 27. Neg4 Nxg4 28. Nxg4 f5 29. exf5 exf5 30. Ne3 f4 31. Nd5+ Kc8 32. Bd3 Ne5 33. Bf5+ Kb8 34. b3 Rd8 35. Be4 Bxd5 36. Bxd5 Kc7 37. Re2 Kd6 38. Kc3 Re8 39. Rd2 Kc7 40. Be4 Re7 41. Rd5 b6 42. a3 a5 43. b4 axb4+ 44. axb4 cxb4+ 45. Kxb4 Nc6+ 46. Kc3 Re5 47. Rd1 Ra5 48. Kb3 Ne5 49. Bd5 Nd7 50. Rh1 Nc5+ 51. Kc3 Ra3+ 52. Kd4 Rd3+ 53. Ke5 Rd2 54. Rh7+ Kb8 55. Kd6 Rxg2 56. Rh8+ Ka7 57. Ra8# 1-0


[Site "https://www.chess.com"]